 Dungeon Crawl Stone Soup version 0.24.0-13-gcf9b319 (webtiles) character file.

Game seed: 8171231272463145774, levelgen mode: deterministic

217 Fang the Skirmisher (level 5, -4/34 HPs)
             Began as a Gargoyle Berserker on Nov 18, 2019.
             Was a Priest of Trog.
             Killed from afar by an orc wizard (6 damage)
             ... with a magic dart
             ... on level 4 of the Dungeon.
             The game lasted 00:02:49 (2883 turns).

Fang the Skirmisher (Gargoyle Berserker)            Turns: 2883, Time: 00:02:50

Health: -4/34      AC:  6    Str: 22    XL:     5   Next: 94%
Magic:  5/5        EV:  7    Int:  7    God:    Trog [***...]
Gold:   97         SH: 11    Dex:  9    Spells: 4/4 levels left

rFire    . . .     SeeInvis .   a - +0 hand axe
rCold    . . .     Gourm    .   p - +0 large shield
rNeg     + . .     Faith    .   b - +0 animal skin
rPois    ∞         Spirit   .   (no helmet)
rElec    +         Reflect  .   (no cloak)
rCorr    .         Harm     .   (no gloves)
MR       ++...                  (no boots)
Stlth    +.........             (no amulet)
HPRegen  1.11/turn              (no ring)
MPRegen  0.09/turn              (no ring)

@: berserk cooldown, regenerating, slowed, very slow
A: negative energy resistance 1, electricity resistance, unbreathing,
petrification resistance, rot immunity, AC +4
a: Berserk, Trog's Hand, Renounce Religion


You were on level 4 of the Dungeon.
You worshipped Trog.
Trog was most pleased with you.
You were very hungry.

You visited 1 branch of the dungeon, and saw 4 of its levels.

You collected 97 gold pieces.

Inventory:

Hand Weapons
 a - a +0 hand axe (weapon)
Armour
 b - a +0 animal skin (worn)
 p - a +0 large shield (worn)
Jewellery
 g - a +2 ring of evasion {unknown}
 i - an uncursed ring of resist corrosion {unknown}
Wands
 s - a wand of polymorph (9)
Scrolls
 e - 2 scrolls of fear {unknown}
 f - 4 scrolls of identify {unknown}
 h - a scroll of enchant armour {unknown}
 j - 3 scrolls of remove curse {unknown}
 k - 2 scrolls of magic mapping {unknown}
 o - 3 scrolls of noise {unknown}
 u - a scroll of teleportation {unknown}
Potions
 d - a potion of agility {unknown}
 l - a potion of haste {unknown}
 m - a potion of lignification {unknown}
 n - a potion of degeneration {unknown}
 q - a potion of curing {unknown}
 t - a potion of brilliance {unknown}
Comestibles
 c - 11 rations
 r - 2 chunks of flesh


   Skills:
 + Level 4.5 Fighting
 + Level 3.7 Axes
 + Level 3.7 Armour
 + Level 2.7 Dodging


You had 4 spell levels left.
You didn't know any spells.
Your spell library was empty.

Dungeon Overview and Level Annotations

Branches:
Dungeon (4/15)
 Temple: D:4-7

Altars:

Annotations:
D:3 2 transporters, Southernist's ghost, amateur KoEE


Innate Abilities, Weirdness & Mutations

You are resistant to torment.
Your stone body is resilient. (AC +4)
You are immune to poison.
You resist negative energy. (rN+)
You are resistant to electric shocks. (rElec)
You can survive without breathing.
You are immune to petrification.
You are immune to rotting.


Message History

You feel the power of Trog in you as your rage grows.
Trog accepts your kill.
Trog appreciates your killing of a magic user.
Reactivating autopickup.
You feel a bit more experienced.
Your shield prevents you from hitting the orc wizard.
The orc wizard hits you but does no damage.
The orc wizard barely misses you.
You are no longer berserk.
You are exhausted.
You feel as though you will be slow longer.
You block the orc wizard's attack.
Things that are here:
a +0 dagger; a +0 robe The orc wizard points at you and mumbles some strange words.
The magic dart hits you.
* * * LOW HITPOINT WARNING * * *
The orc wizard gestures at you while chanting.
The magic dart hits you.
You die...

#..........##...##.(.##
#####..##.............##
##.#..#....(.......#
#...##............#
##..##............#
#...##..........##
#...###...##...##
.......#:.....##
.#......@......##
.........)......#
........o......#
........)......#
...............#
........$......#
#..............#
##.....#.....#.#
#############.#


You could see an orc wizard.

Vanquished Creatures
  2 orc wizards (D:4)
  4 gnolls (D:4)
  4 adders (D:3)
  An ooze (D:3)
  An adder skeleton (D:4)
  4 worms (D:2)
  A dart slug (D:4)
  4 leopard geckos
  An orc (D:4)
  11 bats
  A giant cockroach (D:4)
  3 goblins
  9 hobgoblins
  4 quokkas
  5 frilled lizards
  4 kobolds
  6 rats
65 creatures vanquished.

Notes
Turn   | Place    | Note
-------+----------+-------------------------------------------
     0 | D:1      | Fang the Gargoyle Berserker began the quest for the Orb.
     0 | D:1      | Reached XP level 1. HP: 14/14 MP: 1/1
    78 | D:1      | Reached XP level 2. HP: 19/19 MP: 2/2
   813 | D:2      | Reached XP level 3. HP: 16/23 MP: 3/3
  1205 | D:2      | Reached ** piety under Trog
  1906 | D:3      | Reached XP level 4. HP: 15/29 MP: 4/4
  2117 | D:3      | Found a transporter.
  2146 | D:3      | Reached skill level 4 in Fighting
  2343 | D:3      | Found a transporter.
  2344 | D:3      | Noticed Southernist's ghost (amateur KoEE)
  2345 | D:3      | Noticed a phantom
  2553 | D:4      | Reached XP level 5. HP: 32/33 MP: 5/5
  2563 | D:4      | Reached *** piety under Trog
  2883 | D:4      | Killed from afar by an orc wizard

Levels and vault maps discovered:
D:1:      shiori_arrival_maze, layout_loops_corners, skrybe_limestone_x,
          item_on_display_a
D:2:      layout_loops_corners, first_ration
D:3:      layout_rooms, gammafunk_ghost_mausoleum
D:4:      layout_rooms

Skill      XL: |  1  2  3  4 |
---------------+-------------+-----
Axes           | 3 |  3.7
Dodging        | 2 |  2.7
Armour         | 3 |  3.7
Fighting       | 4 |  4.5

Action                   |  1- 3 |  4- 6 || total
-------------------------+-------+-------++-------
Melee: Hand axe          |   154 |   105 ||   259
Invok: Berserk           |     2 |     3 ||     5
       Trog's Hand       |       |     1 ||     1
 Stab: Sleeping          |     1 |       ||     1
  Eat: Chunk             |     5 |     5 ||    10
Armor: Animal skin       |    61 |    40 ||   101
Dodge: Dodged            |    85 |    29 ||   114
Block: Large shield      |    17 |    82 ||    99
